 Dungeon Crawl Stone Soup version 0.32-a0-913-g739538afd8 (webtiles) character file.

Game seed: 15192790420397896294

261 Heh the Trooper (level 6, -3/76 HPs)
             Began as a Coglin Artificer on Apr 7, 2024.
             Slain by Duvessa
             ... wielding a +0 short sword
              (11 damage)
             ... on level 5 of the Dungeon.
             The game lasted 00:03:23 (2259 turns).

Heh the Trooper (Coglin Artificer)                  Turns: 2259, Time: 00:03:25

Health: -3/76      AC: 23    Str: 12    XL:     6   Next: 18%
Magic:  6/6        EV:  2    Int: 10    God:
Gold:   58         SH:  0    Dex: 17    Spells: 5/5 levels left

rFire   . . .        p - +2 hand axe (flame) {Etsuko}
rCold   . . .        q - +0 spear (venom) {Kagemori}
rNeg    . . .        h - melded +4 scale mail
rPois   +            (helmet currently unavailable)
rElec   .            m - melded +0 cloak
rCorr   .            g - melded +2 pair of gloves
SInv    .            (boots currently unavailable)
Will    .....        (amulet unavailable)
Stlth   ++           (ring unavailable)
HPRegen 0.32/turn    (ring unavailable)
MPRegen 0.10/turn    (no gizmo)

%: no passive effects
@: tree-form, revved
A: stationary, stasis, torment immunity, boosted hp, off-hand wielding, slow
wielding, warmup strikes, no jewellery
a: Invent Gizmo


You were on level 5 of the Dungeon.
You were a tree.
You visited 1 branch of the dungeon, and saw 4 of its levels.

You collected 58 gold pieces.

Inventory:

Hand Weapons
 a - a +0 club {Bonhwa}
 f - a +0 dagger {Duaenre}
 j - a +0 dagger {Astrid}
 p - a +2 hand axe of flaming (weapon) {Etsuko}
 q - a +0 spear of venom (offhand) {Kagemori}
 x - a +0 hand axe
Armour
 b - a +0 leather armour
 g - a +2 pair of gloves (melded)
 h - a +4 scale mail (melded)
 m - a +0 cloak (melded)
 r - a +0 ring mail
Wands
 c - a wand of flame (12) (quivered)
 d - a wand of charming (13)
 e - a wand of iceblast (5)
 n - a wand of paralysis (8)
Scrolls
 l - a scroll of fear {unknown}
 o - a scroll of immolation {unknown}
 s - a scroll of poison {unknown}
 u - a scroll of summoning {unknown}
Potions
 i - 2 potions of lignification
 k - 2 potions of ambrosia {unknown}
 t - 3 potions of curing {unknown}
 v - a potion of degeneration {unknown}
 w - a potion of enlightenment {unknown}


   Skills:
 + Level 5.0 Fighting
 + Level 3.0 Axes
 - Level 1.7 Armour
 - Level 0.8 Dodging
 - Level 0.7 Stealth
 - Level 4.0 Evocations


You had 5 spell levels left.
You didn't know any spells.
Your spell library contained the following spells:

 Spells                   Type           Power      Damage    Failure   Level
 Sandblast                Erth           0%         2d4       36%         1
 Stone Arrow              Conj/Erth      0%         3d7       75%         3
 Brom's Barrelling Bould  Conj/Erth      0%         2d3       98%         4


Dungeon Overview and Level Annotations

Branches:
Dungeon (3/15)

Altars:

Shops:
D:1 =

Annotations:
D:5 Duvessa


Innate Abilities, Weirdness & Mutations

You are a tree.
Your roots penetrate the ground, keeping you stationary.
You cannot be teleported.
You are immune to unholy pain and torment.
Your maximum health is greatly increased.
Your equipment is partially melded.
You can wield a second weapon in your off-hand.
It takes a long time for you to wield or remove held weapons.
Your first few attacks do less damage.
You cannot equip rings or amulets.


Message History

Duvessa is heavily wounded.
You hit Duvessa but do no damage.
Duvessa looks as sick as possible!
Duvessa hits you but does no damage. Duvessa hits you with a +0 short sword.
You hit Duvessa but do no damage.
Duvessa looks as sick as possible!
Duvessa is heavily wounded.
You hit Duvessa with your +2 hand axe of flaming.
You burn Duvessa. Duvessa hits you with a +0 short sword!
You hit Duvessa but do no damage.
Duvessa is heavily wounded.
You completely miss Duvessa with your +2 hand axe of flaming.
Duvessa hits you but does no damage. Duvessa hits you with a +0 short sword.
You closely miss Duvessa with your +2 hand axe of flaming.
Duvessa is severely wounded.
You hit Duvessa with your +0 spear of venom.
Duvessa looks as sick as possible!
Duvessa hits you with a +0 short sword. Duvessa barely misses you.
You completely miss Duvessa with your +2 hand axe of flaming.
Duvessa is severely wounded.
You hit Duvessa but do no damage.
Duvessa looks as sick as possible!
Duvessa hits you with a +0 short sword!
* * * LOW HITPOINT WARNING * * *
You barely miss Duvessa with your +2 hand axe of flaming.
Duvessa is severely wounded.
You hit Duvessa but do no damage.
Duvessa looks as sick as possible!
Duvessa hits you with a +0 short sword.
* * * LOW HITPOINT WARNING * * *
Duvessa closely misses you.
It was a potion of lignification.
You turn into a tree.
Your +0 cloak melds into your body.
Your +2 pair of gloves melds into your body.
Your +4 scale mail melds into your body.
Your roots penetrate the ground.
Duvessa hits you with a +0 short sword.
* * * LOW HITPOINT WARNING * * *
Aiming: Throw Flame
Press: ? - help, Shift-Dir - straight line, f - Duvessa
Aim: Duvessa, wielding a +0 short sword and wearing a +2 chain mail of fire resistance (almost dead, berserk, extremely poisoned, 83% to hit)
The puff of flame hits Duvessa.
Duvessa resists.
Duvessa is almost dead.
Duvessa hits you with a +0 short sword!
You die...

# #.##.#.....
#.##.##.# #..
#.......# ####.####
#.# #.#######>
#.........
.#######e.######
........♣........
#..........######.
#.###.............
#.# #.#.#..######
.#####.###.#.#..#
...........#.#..####
####.............#
#..#####...##.....
#..# #...# ####


You could see Duvessa (berserk, extremely poisoned).

Vanquished Creatures
  A black bear (D:3)
  Dowan (D:5)
  4 gnolls (D:2)
  2 adders (D:2)
  2 dart slugs
  2 ribbon worms (D:2)
  6 bats
  3 endoplasms
  2 goblins
  4 hobgoblins
  2 kobolds
  3 quokkas
  2 rats
34 creatures vanquished.

Vanquished Creatures (collateral kills)
  An iguana (D:5)
1 creature vanquished.

Grand Total: 35 creatures vanquished

Notes
Turn   | Place    | Note
-------+----------+-------------------------------------------
     0 | D:1      | Heh the Coglin Artificer began the quest for the Orb.
     0 | D:1      | Reached XP level 1. HP: 15/15 MP: 1/1
   231 | D:1      | Found Pikkip's One-of-a-Kind Rings.
   366 | D:1      | Reached skill level 2 in Fighting
   366 | D:1      | Reached XP level 2. HP: 17/22 MP: 2/2
   950 | D:2      | Reached XP level 3. HP: 23/28 MP: 3/3
   951 | D:2      | Reached skill level 3 in Fighting
  1005 | D:2      | Reached XP level 4. HP: 25/37 MP: 4/4
  1072 | D:2      | Found a faded altar of an unknown god.
  1597 | D:2      | Reached skill level 4 in Fighting
  1597 | D:2      | Reached skill level 1 in Axes
  2045 | D:3      | Noticed a black bear
  2050 | D:3      | Killed a black bear
  2051 | D:3      | Reached XP level 5. HP: 17/43 MP: 5/5
  2170 | D:3      | You fall into a shaft and drop 2 floors!
  2170 | D:5      | Entered Level 5 of the Dungeon
  2221 | D:5      | Noticed Duvessa
  2222 | D:5      | Noticed Dowan
  2230 | D:5      | Killed Dowan
  2231 | D:5      | Reached XP level 6. HP: 45/50 MP: 6/6
  2233 | D:5      | Reached skill level 5 in Fighting
  2259 | D:5      | Slain by Duvessa

Illustrated notes

Levels and vault maps discovered:
D:1:      minmay_arrival_nine_rooms, layout_loops_ring,
          nicolae_shop_unique_rings
D:2:      layout_basic, dreamdust_ecumenical_altar_hidden_monk_grotto,
          grunt_decor_clamped, minmay_tromino_i2
D:3:      layout_basic, uniq_ijyb
D:5:      layout_loops_ring, uniq_duvessa

Skill      XL: |  1  2  3  4  5  6 |
---------------+-------------------+-----
Fighting       | 2 3 4 5 |  5.0
Axes           | 2 3 |  3.0
Armour         | |  1.7
Dodging        | |  0.8
Stealth        | |  0.7
Evocations     | |  4.0

Action                     |  1- 3 |  4- 6 || total
---------------------------+-------+-------++-------
  Melee: Dagger            |   134 |       ||   134
         Club              |    13 |       ||    13
         Spear             |       |    50 ||    50
         Hand axe          |       |    39 ||    39
  Evoke: Wand              |     2 |     3 ||     5
    Use: Potion            |       |     1 ||     1
 Armour: Scale mail        |    53 |    38 ||    91
         Leather armour    |     1 |       ||     1
         Skin              |       |     2 ||     2
  Dodge: Dodged            |    25 |    22 ||    47

Table legend: (Time is in decaauts)
 A = Elapsed time spent in this place.
 B = Non-inter-level travel time spent in this place.
 C = Inter-level travel time spent in this place.
 D = Time resting spent in this place.
 E = Time spent auto-exploring this place.
 F = Levels seen in this place.
 G = Mean time per level.
                   A        B        C        D        E       F      G
               +--------+--------+--------+--------+--------+-----+--------+
         Total |   2267 |   2147 |    120 |      0 |   1758 |   4 |  566.8 |
       Dungeon |   2267 |   2147 |    120 |      0 |   1758 |   4 |  566.8 |
               +--------+--------+--------+--------+--------+-----+--------+

Top non-repeatable levels by time:
     D:2: 1091 daAuts
     D:1: 776 daAuts
     D:3: 310 daAuts
     D:5: 90 daAuts
